 Dungeon Crawl Stone Soup version 0.22-a0-189-g981819d (webtiles) character file.

1058 wolfsongas the Chopper (level 8, -6/73 HPs)
             Began as a Deep Dwarf Fighter on Feb 15, 2018.
             Mangled by an ogre
             ... wielding a +0 giant club
              (9 damage)
             ... on level 5 of the Dungeon.
             The game lasted 00:06:01 (2955 turns).

wolfsongas the Chopper (Deep Dwarf Fighter)         Turns: 2955, Time: 00:06:02

Health: -6/73      AC: 16    Str: 21    XL:     8   Next: 6%
Magic:  8/8        EV:  6    Int: 10    God:
Gold:   103        SH: 10    Dex: 12    Spells: 7/7 levels left

rFire    . . .     SeeInvis .   a - +1 war axe
rCold    . . .     Gourm    .   c - +0 shield
rNeg     . . .     Faith    .   k - +0 plate armour
rPois    .         Spirit   .   i - +2 helmet
rElec    .         Reflect  .   (no cloak)
rCorr    .         Harm     .   (no gloves)
MR       +....     Clarity  +   q - +0 pair of boots
Stlth    ..........             (no amulet)
HPRegen  0.00/turn              b - ring of flight
MPRegen  0.11/turn              (no ring)

@: non-regenerating
A: damage resistance, heal wounds, hooves 2, clarity, sense surroundings 1,
MP-powered wands, no regeneration
a: Heal Wounds, Evoke Flight


You were on level 5 of the Dungeon.
You were not hungry.

You visited 1 branch of the dungeon, and saw 5 of its levels.

You collected 103 gold pieces.

Inventory:

Hand Weapons
 a - a +1 war axe (weapon)
Missiles
 e - 30 stones (quivered)
Armour
 c - a +0 shield (worn)
 i - a +2 helmet (worn)
 k - a +0 plate armour (worn)
 q - a +0 pair of boots (worn)
Jewellery
 b - a ring of flight (left hand)
Wands
 j - a wand of digging (5)
 s - a wand of disintegration (11)
Scrolls
 d - 3 scrolls of teleportation
 l - 3 scrolls of remove curse
 n - a scroll of amnesia
Potions
 h - 4 potions of curing
 o - 2 potions of berserk rage
 p - a potion of magic
 r - a potion of agility
Comestibles
 f - 6 rations
 g - 3 chunks of flesh


   Skills:
 + Level 4.4 Fighting
 * Level 6.3 Axes
 + Level 5.2 Armour
 + Level 3.8 Dodging
 + Level 5.3 Shields


You had 7 spell levels left.
You didn't know any spells.

Dungeon Overview and Level Annotations

Branches:
Dungeon (5/15)
 Temple: D:4-7

Altars:
Gozag
Uskayaw
Xom


Innate Abilities, Weirdness & Mutations

You are resistant to damage.
You can heal yourself by infusing magical energy.
You passively map a small area around you.
You do not regenerate.
You have hoof-like feet.
You possess an exceptional clarity of mind.
You expend magic power (3 MP) to strengthen your wands.


Message History

An ogre comes into view. It is wielding a giant club.
The ogre shouts!
You see here 28 stones.
You hit the ogre.
The ogre is lightly wounded.
You block the ogre's attack.
You hit the ogre.
The ogre is lightly wounded.
You block the ogre's attack.
You hit the ogre.
The ogre is moderately wounded.
You block the ogre's attack.
You hit the ogre.
The ogre is moderately wounded.
The ogre hits you with a giant club!!
* * * LOW HITPOINT WARNING * * *
You slash the ogre!
The ogre is heavily wounded.
The ogre hits you with a giant club!
You die...

##....##........'....#
+.....##.>.....##....#
#.....##.......##....#
#,..............#....#
#,,,,,,.........#....#
#,,,,,,........#####'##
#*,,,,*#########......#
#*,,,,*,,.............#
#*,.,,+,,......O@.(...#
##..,,*,,.............#
...,,,*,,.............#
#******,,.............#
#,,,,,,**#######......#
#,,,,,,*,,,,,,,+......#
#,,,,,,*,,,,,,,#......#
#,,,,,,*,,,,,,,.#######
#,,,,,,*,,,,,,,,*


You could see an ogre.

Vanquished Creatures
  Duvessa (D:4)
  An ogre (D:5)
  Dowan (D:4)
  2 scorpions
  A howler monkey (D:4)
  3 crimson imps (D:5)
  The ghost of kylix the Ruffian, a weakling VSMo (D:4)
  4 hounds
  2 orc priests (D:4)
  An iguana (D:4)
  4 worker ants
  Terence (D:2)
  Robin (D:2)
  7 gnolls
  3 adders
  An ooze (D:2)
  An adder skeleton (D:4)
  3 worms
  4 dart slugs
  7 leopard geckos
  2 orcs
  5 giant cockroaches
  15 goblins
  14 hobgoblins
  2 jackals (D:2)
  2 ball pythons
  3 bats
  7 frilled lizards
  7 kobolds
  10 rats
116 creatures vanquished.

Notes
Turn   | Place    | Note
-------+----------+-------------------------------------------
     0 | D:1      | wolfsongas the Deep Dwarf Fighter began the quest for the Orb.
     0 | D:1      | Reached XP level 1. HP: 20/20 MP: 1/1
   138 | D:1      | Reached XP level 2. HP: 21/27 MP: 2/2
   470 | D:1      | Reached XP level 3. HP: 20/34 MP: 3/3
   674 | D:1      | Reached skill level 3 in Axes
   737 | D:2      | Noticed Terence
   746 | D:2      | Killed Terence
   746 | D:2      | Reached skill level 1 in Dodging
   805 | D:2      | Reached XP level 4. HP: 38/42 MP: 4/4
   885 | D:2      | Noticed Robin
   905 | D:2      | Killed Robin
  1126 | D:2      | Reached XP level 5. HP: 30/49 MP: 5/5
  1423 | D:2      | Gained mutation: Your flesh is heat resistant. (rF+) [potion of mutation]
  1423 | D:2      | Gained mutation: You have a pair of small antennae on your head. [potion of mutation]
  1423 | D:2      | Gained mutation: Your spells are a little easier to cast, but a little less powerful. [potion of mutation]
  1423 | D:2      | Gained mutation: You have large cloven feet. [potion of mutation]
  1566 | D:3      | Lost mutation: Your spells are a little easier to cast, but a little less powerful. [potion of mutation]
  1566 | D:3      | Lost mutation: Your flesh is heat resistant. (rF+) [potion of mutation]
  1566 | D:3      | Lost mutation: You have a pair of small antennae on your head. [potion of mutation]
  1566 | D:3      | Gained mutation: You possess an exceptional clarity of mind. [potion of mutation]
  1566 | D:3      | Gained mutation: You expend magic power (3 MP) to strengthen your wands. [potion of mutation]
  1566 | D:3      | Gained mutation: You have hoof-like feet. [potion of mutation]
  1692 | D:3      | Reached skill level 4 in Axes
  1995 | D:3      | Found a shimmering altar of Xom.
  2073 | D:4      | Reached XP level 6. HP: 34/56 MP: 6/6
  2279 | D:4      | Found an opulent altar of Gozag.
  2311 | D:4      | Noticed Duvessa
  2311 | D:4      | Noticed Dowan
  2326 | D:4      | Killed Duvessa
  2326 | D:4      | Reached skill level 5 in Axes
  2353 | D:4      | Killed Dowan
  2353 | D:4      | Reached XP level 7. HP: 30/63 MP: 7/7
  2440 | D:4      | Found a hide-covered altar of Uskayaw.
  2638 | D:4      | Noticed kylix's ghost (weakling VSMo)
  2646 | D:4      | Killed kylix's ghost
  2695 | D:5      | Entered Level 5 of the Dungeon
  2806 | D:5      | Reached skill level 5 in Armour
  2806 | D:5      | Reached skill level 5 in Shields
  2847 | D:5      | Reached skill level 6 in Axes
  2857 | D:5      | Reached XP level 8. HP: 21/73 MP: 8/8
  2954 | D:5      | HP: 3/73 [ogre/giant club (18)]
  2955 | D:5      | Mangled by an ogre

Vault maps used:
D:1:      mrwooster_arrival_statue_2
D:2:      first_ration, kennysheep_generic_room_15, uniq_robin, uniq_terence
D:3:      nicolae_overflow_hidden_temple, kennysheep_boxes
D:4:      lemuel_doored_altar, overflow_temple_1_default, minmay_goblin_outpost,
          uniq_duvessa
D:5:      gammafunk_temple_overflow_elements

Skill      XL: |  1  2  3  4  5  6  7 |
---------------+----------------------+-----
Fighting       | 3 4 |  4.4
Axes           | 3 4 5 6 |  6.3
Dodging        | 1 2 3 |  3.8
Shields        | 4 5 |  5.3
Armour         | 4 5 |  5.2

Action                   |  1- 3 |  4- 6 |  7- 9 || total
-------------------------+-------+-------+-------++-------
Melee: War axe           |    87 |   181 |    92 ||   360
       Kick              |       |    37 |    12 ||    49
Throw: Stone             |       |    14 |       ||    14
 Abil: Heal Wounds       |       |     1 |     1 ||     2
  Use: Scroll            |     2 |     3 |     3 ||     8
       Potion            |     4 |     6 |     3 ||    13
  Eat: Chunk             |       |     2 |     2 ||     4
       Ration            |       |     1 |       ||     1
Armor: Scale mail        |    50 |    29 |       ||    79
       Plate armour      |       |    85 |    55 ||   140
Dodge: Dodged            |    32 |    56 |    23 ||   111
Block: Shield            |    65 |   118 |    52 ||   235

Table legend:
 A = Spawn XP
 B = Non-spawn XP
 C = Spawn XP percentage of total XP
 D = Spawn monster count
 E = Non-spawn monster count
 F = Spawn count percentage of total count
 G = Total turns spent on level
                    A         B        C        D         E        F      G
               +---------+---------+-------+---------+---------+-------+---------
         Total |       0 |    1512 |   0.0 |       0 |     116 |   0.0 |  2955
               +---------+---------+-------+---------+---------+-------+---------
           D:1 |       0 |      48 |   0.0 |       0 |      30 |   0.0 |   736
           D:2 |       0 |     168 |   0.0 |       0 |      37 |   0.0 |   821
           D:3 |       0 |      85 |   0.0 |       0 |      12 |   0.0 |   457
           D:4 |       0 |     759 |   0.0 |       0 |      26 |   0.0 |   681
           D:5 |       0 |     452 |   0.0 |       0 |      11 |   0.0 |   260
               +---------+---------+-------+---------+---------+-------+---------
